 Dungeon Crawl Stone Soup version 0.19-a0-1002-g674d22e (webtiles) character file.

58 HAL9000 the Ruffian (level 3, -11/28 HPs)
             Began as a Draconian Transmuter on July 18, 2016.
             Mangled by mrath's ghost (13 damage)
             ... on level 3 of the Dungeon.
             The game lasted 00:03:20 (1714 turns).

HAL9000 the Ruffian (Draconian Transmuter)          Turns: 1714, Time: 00:03:21

Health: -11/28     AC:  2    Str: 13    XL:     3   Next: 76%
Magic:  1/6        EV: 19    Int: 13    God:
Gold:   125        SH:  0    Dex: 16    Spells: 3 memorised, 0 levels left

rFire  . . .     SeeInvis .       - Unarmed
rCold  . . .     Gourm    .     (armour unavailable)
rNeg   . . .     Faith    .     (shield currently unavailable)
rPois  x         Spirit   .     (helmet currently unavailable)
rElec  .         Dismiss  .     (cloak currently unavailable)
rCorr  .         Reflect  .     (gloves currently unavailable)
SustAt .         Harm     .     (boots currently unavailable)
MR     .....                    (no amulet)
Stlth  +.........               (no ring)
                                (no ring)

@: spider-form, not resistant to hostile enchantments, very unstealthy
A: unfitting armour, (cold-blooded), AC +5
a: End Transformation


You were on level 3 of the Dungeon.
You were hungry.
You were a venomous arachnid creature.
You visited 1 branch of the dungeon, and saw 3 of its levels.

You collected 125 gold pieces.

Inventory:

Missiles
 a - 29 arrows
Armour
 e - a +0 pair of boots (melded)
Wands
 n - a wand of digging (18/24)
Scrolls
 d - 2 scrolls of teleportation {unknown}
 g - 2 scrolls of fog {unknown}
 i - 2 scrolls of magic mapping {unknown}
 k - a scroll of fear {unknown}
 l - a scroll of random uselessness {unknown}
 o - 2 scrolls of remove curse {unknown}
 p - 2 scrolls of identify {unknown}
 s - a scroll of enchant weapon {unknown}
Potions
 f - 2 potions of brilliance {unknown}
 j - a potion of mutation {unknown}
 q - a potion of degeneration {unknown}
Books
 b - a book of Changes

   Spells                             Type                      Level
   a - Beastly Appendage              Transmutation                1
   b - Sticks to Snakes               Transmutation                2
   c - Spider Form                    Transmutation/Poison         3
   d - Ice Form                       Ice/Transmutation            4
   e - Blade Hands                    Transmutation                5
Comestibles
 c - 3 bread rations
 h - 2 meat rations
 m - a royal jelly


   Skills:
 - Level 1.1 Fighting
 - Level 1.7 Dodging
 + Level 4.0 Unarmed Combat
 - Level 2.0 Spellcasting
 + Level 3.1 Transmutations


You couldn't memorise any spells.
You knew the following spells:

 Your Spells              Type           Power        Failure   Level  Hunger
a - Beastly Appendage     Tmut           #.....       24%         1    ##.....
b - Sticks to Snakes      Tmut           #.......     28%         2    ###....
c - Spider Form           Tmut/Pois      #.........   61%         3    ####...


Dungeon Overview and Level Annotations

Branches:
Dungeon (3/15)

Altars:

Annotations:
D:3 mrath's ghost, weakling MiFi


Innate Abilities, Weirdness & Mutations

((Your plain brown scales are hard. (AC +5)))
Your body does not fit into most forms of armour.
((You are cold-blooded and may be slowed by cold attacks.))


Message History

Mrath's ghost completely misses you.
Unknown command.
Casting: Spider Form
Confirm with . or Enter, or press ? or * to list all spells.
You turn into a venomous arachnid creature.
Your +0 pair of boots melds into your body.
Mrath's ghost hits you!
* * * LOW HITPOINT WARNING * * *
Unknown command.
You bite mrath's ghost!
Mrath's ghost is almost destroyed.
Mrath's ghost misses you.
You barely miss mrath's ghost.
Mrath's ghost is almost destroyed.
Mrath's ghost misses you.
Unknown command.
You hit mrath's ghost but do no damage.
Mrath's ghost is almost destroyed.
Mrath's ghost hits you!
You die...

#.# #.# #.###
#...# ###.# #.#
### #.# #.# ..#
#.# #.#####.# #W#
#.#.....# #s# #
#.#.#...### #.# #
#.#.#.....# #.#
####)#.....#.# #.#
##.......#.#.# #.#
##.#(#...#.#.###.#
##.#.)..##.#.....#
...###.....#######
#### #######


You could see mrath's ghost.

Vanquished Creatures
  2 oozes (D:1)
  A worm (D:2)
  3 dart slugs (D:1)
  2 giant geckos (D:1)
  5 bats
  A giant cockroach (D:1)
  4 goblins
  5 hobgoblins
  2 jackals
  3 giant newts
  4 kobolds
  5 rats
37 creatures vanquished.

Notes
Turn   | Place    | Note
-------+----------+-------------------------------------------
     0 | D:1      | HAL9000 the Draconian Transmuter began the quest for the Orb.
     0 | D:1      | Reached XP level 1. HP: 16/16 MP: 3/3
    64 | D:1      | Reached XP level 2. HP: 21/23 MP: 3/5
   448 | D:1      | Reached XP level 3. HP: 28/28 MP: 4/6
  1328 | D:2      | Reached skill level 4 in Unarmed Combat
  1584 | D:3      | Learned a level 2 spell: Sticks to Snakes
  1589 | D:3      | Learned a level 3 spell: Spider Form
  1683 | D:3      | Noticed mrath's ghost (weakling MiFi)
  1714 | D:3      | Mangled by mrath's ghost

Vault maps used:
D:1:      scummos_arrival_hexagon
D:3:      first_bread

Skill      XL: |  1  2  3 |
---------------+----------+-----
Transmutations | 3 |  3.1
Unarmed Combat | 4 |  4.0
Fighting       | |  1.1
Dodging        | |  1.7
Spellcasting   | |  2.0

Action                   || total
-------------------------++-------
Melee: Unarmed           ||   170
       Headbutt          ||    10
       Tailslap          ||    10
       Kick              ||     1
       Punch             ||     1
 Cast: Beastly Appendage ||    23
       Spider Form       ||     2
  Eat: Chunk             ||     3
Armor: Skin              ||    69
Dodge: Dodged            ||   114
